 Dungeon Crawl Stone Soup version 0.30-a0-210-g01b79a254e (webtiles) character file.

Game seed: 12624636867449337825

6024 meatgazer the Covert (level 10, -4/77 HPs)
             Began as a Gnoll Wanderer on Oct 4, 2022.
             Was an Elder of Dithmenos.
             Killed from afar by a rime drake (27 damage)
             ... with a flash freeze
             ... on level 1 of the Lair of Beasts.
             The game lasted 00:24:45 (10091 turns).

meatgazer the Covert (Gnoll Wanderer)              Turns: 10091, Time: 00:24:46

Health: -4/77      AC:  9    Str:  7    XL:     10   Next: 86%
Magic:  21/21      EV: 14    Int: 18    God:    Dithmenos [****..]
Gold:   408        SH:  0    Dex: 19    Spells: 24/24 levels left

rFire   . . .      SeeInvis .    y - +9 dagger of the Final Decision {drain, rElec Int+5 Stlth+}
rCold   x . .      Faith    .    (no shield)
rNeg    . . .      Spirit   .    p - +0 troll leather armour {Pargi}
rPois   +          Reflect  .    m - +2 helmet
rElec   +          Harm     .    (no cloak)
rCorr   .          Rampage  .    E - +0 pair of gloves
Will    ++...                    (no boots)
Stlth   ++++++++..               w - amulet of magic regeneration
HPRegen 1.12/turn                A - ring "Qykeicei" {Will++ Str-5 Dex+5 Slay+4}
MPRegen 0.57/turn                D - ring of poison resistance

@: wreathed by umbra
A: fangs 1, strong nose, distributed training, sense surroundings 1, cold
vulnerability 1, noise suppression
a: Renounce Religion, Shadow Step


You were on level 1 of the Lair of Beasts.
You worshipped Dithmenos.
Dithmenos was greatly pleased with you.
You visited 2 branches of the dungeon, and saw 9 of its levels.

You collected 590 gold pieces.
You spent 182 gold pieces at shops.

Inventory:

Hand Weapons
 u - the +7 dagger "Hydraslayer" {vorpal, rF+++ Will- Str-5 Dex+4}
   (You found it on level 6 of the Dungeon)

   It inflicts extra damage upon your enemies.
   Str:       It affects your strength (-5).
   Dex:       It affects your dexterity (+4).
   rF:        It renders you almost immune to fire.
   Will:      It decreases your willpower.
 y - the +9 dagger of the Final Decision (weapon) {drain, rElec Int+5 Stlth+}
   (You bought it in a shop on level 1 of the Dungeon)

   A truly terrible weapon, it drains the life of any living foe it strikes.
   Int:       It affects your intelligence (+5).
   rElec:     It insulates you from electricity.
   Stlth:     It makes you more stealthy.
Missiles
 b - an atropa-tipped dart (quivered)
 c - 3 datura-tipped darts
 B - a curare-tipped dart
Armour
 m - a +2 helmet (worn)
 p - a +0 troll leather armour (worn) {Pargi}
 E - a +0 pair of gloves (worn)
Jewellery
 w - an amulet of magic regeneration (around neck)
 z - a +6 ring of intelligence
 A - the ring "Qykeicei" (left hand) {Will++ Str-5 Dex+5 Slay+4}
   (You acquired it on level 5 of the Dungeon)

   [ring of slaying]

   Str:       It affects your strength (-5).
   Dex:       It affects your dexterity (+5).
   Slay:      It affects your accuracy & damage with ranged weapons and melee
   (+4).
   Will:      It greatly increases your willpower.
 D - a ring of poison resistance (right hand)
Wands
 e - a wand of flame (11)
 k - a wand of acid (3)
 x - a wand of digging (4)
 C - a wand of iceblast (17)
 I - a wand of paralysis (7)
Scrolls
 d - 2 scrolls of butterflies
 G - 2 scrolls of teleportation
 J - a scroll of poison
Potions
 g - a potion of flight
 i - 2 potions of lignification
 j - a potion of mutation
 l - a potion of berserk rage
 q - 5 potions of haste
 s - 4 potions of curing
 v - 2 potions of degeneration {unknown}
 F - a potion of heal wounds
 H - a potion of might {unknown}


   Skills:
 + Level 6.5 Fighting
 + Level 5.9 Short Blades
 + Level 5.9 Long Blades
 + Level 5.9 Axes
 + Level 5.9 Maces & Flails
 + Level 5.9 Polearms
 + Level 5.9 Staves
 + Level 5.9 Ranged Weapons
 + Level 6.5 Throwing
 + Level 6.5 Armour
 + Level 5.9 Dodging
 + Level 11.2 Stealth
 + Level 5.9 Shields
 + Level 5.9 Unarmed Combat
 + Level 7.8 Spellcasting
 + Level 4.8 Conjurations
 + Level 4.8 Hexes
 + Level 4.8 Summonings
 + Level 4.8 Necromancy
 + Level 4.8 Translocations
 + Level 4.8 Transmutations
 + Level 4.8 Fire Magic
 + Level 4.8 Ice Magic
 + Level 4.8 Air Magic
 + Level 4.8 Earth Magic
 + Level 4.8 Poison Magic
 + Level 6.4 Invocations
 + Level 5.9 Evocations


You had 24 spell levels left.
You didn't know any spells.
Your spell library contained the following spells:

 Spells                   Type           Power      Damage    Failure   Level
 Beastly Appendage        Tmut           48%        N/A       1%          1
 Kiss of Death            Conj/Necr      96%        2d12      1%          1
 Sublimation of Blood     Necr           24%        N/A       2%          2
 Wereblood                Tmut           24%        N/A       2%          2
 Lesser Beckoning         Tloc           48%        N/A       5%          3
 Spider Form              Tmut/Pois      24%        N/A       5%          3
 Tukima's Dance           Hex            24%        N/A       5%          3
 Passage of Golubria      Tloc           24%        N/A       19%         4
 Lightning Bolt           Conj/Air       12%        1d25      45%         5
 Yara's Violent Unravell  Hex/Tmut       12%        3d7       45%         5
 Conjure Ball Lightning   Conj/Air       12%        3x3d6     96%         6
 Summon Hydra             Summ           12%        N/A       100%        7


Dungeon Overview and Level Annotations

Branches:
Dungeon (8/15)             Temple (0/1) D:6            Lair (1/5) D:8

Altars:
Cheibriados
Dithmenos
Elyvilon
Makhleb
Ru

Shops:
D:1 (!

Annotations:
D:5 1 runed translucent door, glaedl's ghost, novice MeFi
Lair:1 exclusion: oklob plant


Innate Abilities, Weirdness & Mutations

You have very sharp teeth.
Your uncanny sense of smell can sniff out nearby items.
Your experience applies equally to all skills.
You passively map a small area around you.
You are vulnerable to cold. (rC-)
You passively dampen the noise of your surroundings.


Message History

You now have 408 gold pieces (gained 16).
An oklob plant comes into view.
The oklob plant spits acid at you. The splash of acid hits you!!
Marking area around an oklob plant as unsafe for travelling.
You start resting.
HP restored.
You start waiting.
Done waiting.
You start waiting.
A rime drake comes into view.
Okay, then.
Really walk into a travel-excluded area?
Hit: y) +9 dagger of the Final Decision {drain, rElec Int+5 Stlth+}
Press: ? - help, Dir - move target, f - you
Okay, then.
Aiming: Throw Flame
Press: ? - help, Shift-Dir - straight line, f - oklob plant
Aim: an oklob plant (unaware, hasn't noticed you, 100% to hit)
The puff of flame hits the oklob plant but does no damage.
The rime drake breathes ice at you. The flash freeze hits you!!
You feel a painful chill!
You are encased in ice.
Aiming: Throw Flame
Press: ? - help, Shift-Dir - straight line, f/p - oklob plant
Aim: an oklob plant (100% to hit)
The puff of flame hits the oklob plant but does no damage.
The ice encasing you melts away. The rime drake breathes ice at you.
The flash freeze hits you!!
You feel a painful chill!
You are encased in ice.
The ice encasing you melts away. The rime drake breathes ice at you.
The flash freeze hits you!!
You feel a painful chill!
* * * LOW HITPOINT WARNING * * *
You are encased in ice.
The ice encasing you melts away. The rime drake breathes ice at you.
The flash freeze hits you!!
You feel a painful chill!
You die...

#..###........##...P...
,.#...#...............P..
,
..................$.....
........................
,
.......................P
.......†................
,
........................
,
...........k............
,
.......@...###..........
..........## ##....#.#..
, ..###....##* #...###...
. #.#.## ~ ###... ,.. , *
##### ~ ~ *.#.. ,. , ,, *
..## * ~* , , ~ *


You could see a rime drake (catching breath).

Vanquished Creatures
  A two-headed ogre (D:5)
  A deep elf pyromancer (D:8)
  An oklob plant (D:6)
  4 yaks
  A steam dragon (D:5)
  A basilisk (D:8)
  Edmund (D:3)
  A water moccasin (Lair:1)
  Duvessa (D:5)
  2 orc warriors (D:6)
  2 sky beasts (D:7)
  Pargi (D:3)
  2 ice beasts
  3 black bears
  2 ogres
  2 centaurs
  3 phantoms
  A kobold brigand (D:6)
  Blork the orc (D:5)
  6 bullfrogs
  A necrophage (D:8)
  5 scorpions
  A gnoll sergeant (D:7)
  Dowan (D:5)
  A howler monkey (D:5)
  2 hounds
  8 jellies
  2 iguanas
  3 orc priests
  2 orc wizards
  Ijyb (D:2)
  8 gnolls
  10 adders
  4 shadow imps
  4 white imps
  3 ufetubi
  6 dart slugs
  27 orcs
  8 bats
  23 endoplasms
  7 giant cockroaches
  8 goblins
  7 hobgoblins
  12 jackals
  5 quokkas
  4 ball pythons
  A frilled lizard (D:3)
  14 kobolds
  8 rats
223 creatures vanquished.

Vanquished Creatures (others)
  An orc (D:5)
  2 fungi (D:6)
3 creatures vanquished.

Grand Total: 226 creatures vanquished

Notes
Turn   | Place    | Note
-------+----------+-------------------------------------------
     0 | D:1      | Reached skill level 9 in Stealth
     0 | D:1      | meatgazer the Gnoll Wanderer began the quest for the Orb.
     0 | D:1      | meatgazer set off with the following items: a +1 dagger, 2
                  | atropa-tipped darts, a datura-tipped dart, a scroll of
                  | butterflies, a potion of invisibility, a +0 robe.
     0 | D:1      | Reached XP level 1. HP: 17/17 MP: 6/6
    88 | D:1      | Reached XP level 2. HP: 23/23 MP: 7/7
    91 | D:1      | Found a faded altar of an unknown god.
   154 | D:1      | Found Xumug's Distillery.
   186 | D:1      | Found Goodonar's Antique Weapon Boutique.
   557 | D:1      | Reached skill level 5 in Spellcasting
   557 | D:1      | Reached XP level 3. HP: 28/28 MP: 7/9
  1276 | D:1      | Reached skill level 1 in Invocations
  1303 | D:1      | Reached skill level 1 in Short Blades
  1303 | D:1      | Reached skill level 1 in Long Blades
  1303 | D:1      | Reached skill level 1 in Axes
  1303 | D:1      | Reached skill level 1 in Maces & Flails
  1303 | D:1      | Reached skill level 1 in Polearms
  1303 | D:1      | Reached skill level 1 in Staves
  1303 | D:1      | Reached skill level 1 in Ranged Weapons
  1303 | D:1      | Reached skill level 1 in Dodging
  1303 | D:1      | Reached skill level 1 in Shields
  1303 | D:1      | Reached skill level 1 in Unarmed Combat
  1303 | D:1      | Reached skill level 1 in Evocations
  1352 | D:1      | Reached XP level 4. HP: 11/34 MP: 11/11
  2206 | D:2      | Reached skill level 1 in Conjurations
  2206 | D:2      | Reached skill level 1 in Hexes
  2206 | D:2      | Reached skill level 1 in Summonings
  2206 | D:2      | Reached skill level 1 in Necromancy
  2206 | D:2      | Reached skill level 1 in Translocations
  2206 | D:2      | Reached skill level 1 in Transmutations
  2206 | D:2      | Reached skill level 1 in Fire Magic
  2206 | D:2      | Reached skill level 1 in Ice Magic
  2206 | D:2      | Reached skill level 1 in Air Magic
  2206 | D:2      | Reached skill level 1 in Earth Magic
  2206 | D:2      | Reached skill level 1 in Poison Magic
  3033 | D:2      | Found a shadowy altar of Dithmenos.
  3145 | D:2      | Became a worshipper of Dithmenos the Shadowed
  3376 | D:3      | Noticed Ijyb
  3381 | D:3      | Reached XP level 5. HP: 40/40 MP: 12/12
  3587 | D:3      | Noticed Pargi
  3593 | D:3      | Killed Pargi
  3729 | D:3      | Reached XP level 6. HP: 47/47 MP: 13/13
  3872 | D:2      | Killed Ijyb
  4106 | D:3      | Reached * piety under Dithmenos
  4510 | D:4      | Found a white marble altar of Elyvilon.
  4551 | D:4      | Reached XP level 7. HP: 52/52 MP: 15/15
  5029 | D:4      | Noticed Edmund
  5081 | D:3      | Reached skill level 10 in Stealth
  5304 | D:3      | Reached ** piety under Dithmenos
  5312 | D:3      | Killed Edmund
  5884 | D:5      | Entered Level 5 of the Dungeon
  5886 | D:5      | Noticed Blork the orc
  6030 | D:4      | Reached XP level 8. HP: 42/60 MP: 16/16
  6262 | D:5      | Killed Blork the orc
  6544 | D:1      | Bought an ichor-stained dagger for 182 gold pieces
  6544 | D:1      | Identified the +9 dagger of the Final Decision {drain,
                  | rElec Int+5 Stlth+} (You bought it in a shop on level 1 of
                  | the Dungeon)
  6630 | D:5      | Noticed a yak
  6640 | D:5      | Noticed Duvessa
  6702 | D:5      | Noticed a two-headed ogre
  6743 | D:5      | Killed a yak
  6792 | D:5      | Killed a two-headed ogre
  6793 | D:5      | Reached XP level 9. HP: 11/67 MP: 13/18
  6814 | D:5      | Noticed Dowan
  6999 | D:5      | Killed Duvessa
  7000 | D:5      | Reached skill level 5 in Fighting
  7000 | D:5      | Reached skill level 5 in Throwing
  7000 | D:5      | Reached skill level 5 in Armour
  7016 | D:5      | Killed Dowan
  7156 | D:5      | Found a shadowy altar of Dithmenos.
  7156 | D:5      | Found a burning altar of Makhleb.
  7157 | D:5      | Found a snail-covered altar of Cheibriados.
  7336 | D:5      | Noticed glaedl's ghost (novice MeFi)
  7342 | D:5      | Reached skill level 5 in Invocations
  7356 | D:5      | Identified 2 scrolls of acquirement
  7356 | D:5      | Acquired the ring "Qykeicei" {Will++ Str-5 Dex+5 Slay+4}
  7358 | D:5      | Acquired the Parchment of Destructive Elsewhere
  7506 | D:5      | Found a runed translucent door.
  7559 | D:5      | Found a sacrificial altar of Ru.
  7683 | D:6      | Identified the +7 dagger "Hydraslayer" {vorpal, rF+++ Will-
                  | Str-5 Dex+4}
  7968 | D:5      | Reached *** piety under Dithmenos
  8066 | D:6      | Reached skill level 5 in Short Blades
  8066 | D:6      | Reached skill level 5 in Long Blades
  8066 | D:6      | Reached skill level 5 in Axes
  8066 | D:6      | Reached skill level 5 in Maces & Flails
  8066 | D:6      | Reached skill level 5 in Polearms
  8066 | D:6      | Reached skill level 5 in Staves
  8066 | D:6      | Reached skill level 5 in Ranged Weapons
  8066 | D:6      | Reached skill level 5 in Dodging
  8066 | D:6      | Reached skill level 5 in Shields
  8066 | D:6      | Reached skill level 5 in Unarmed Combat
  8066 | D:6      | Reached skill level 5 in Evocations
  8066 | D:6      | Reached XP level 10. HP: 76/76 MP: 20/20
  8155 | D:6      | Found a staircase to the Ecumenical Temple.
  8339 | D:6      | Noticed an oklob plant
  8359 | D:6      | Killed an oklob plant
  8694 | D:7      | Reached skill level 11 in Stealth
  9373 | D:8      | Found a staircase to the Lair.
  9551 | D:8      | Gained mutation: You are vulnerable to cold. (rC-) [potion
                  | of mutation]
  9551 | D:8      | Gained mutation: You can roll at nearby foes to attack.
                  | [potion of mutation]
  9551 | D:8      | Gained mutation: You are dopey. (Int -2) [potion of
                  | mutation]
  9552 | D:8      | Lost mutation: You can roll at nearby foes to attack.
                  | [potion of mutation]
  9552 | D:8      | Lost mutation: You are dopey. (Int -2) [potion of mutation]
  9552 | D:8      | Gained mutation: You passively dampen the noise of your
                  | surroundings. [potion of mutation]
  9552 | D:8      | Gained mutation: You passively map a small area around you.
                  | [potion of mutation]
  9641 | D:8      | Reached **** piety under Dithmenos
  9722 | D:8      | Noticed a deep elf pyromancer
  9725 | D:8      | Killed a deep elf pyromancer
  9860 | Lair:1   | Entered Level 1 of the Lair of Beasts
  9901 | Lair:1   | Noticed an oklob plant
 10091 | Lair:1   | Killed from afar by a rime drake

Illustrated notes

Levels and vault maps discovered:
D:1:      dpeg_arrival_renting, layout_loops_ring,
          shapermc_ecumenical_altar_mp_vishouse, serial_shops, shop, shop
D:2:      layout_basic, basic_altar
D:3:      layout_rooms, minivault_4, nicolae_kite_square_tiling_tiny,
          uniq_pargi, uniq_ijyb
D:4:      layout_gridville, elyvilon_altar_5, uniq_edmund
D:5:      cheibrodos_fzero, layout_gridville, mainiacjoe_overflow_alcove_3,
          hellmonk_ghost_happy_afterlife, uniq_blork_the_orc, uniq_duvessa
D:6:      lemuel_slime, layout_basic, minmay_temple_entry_butterflies
D:7:      layout_gridville, serial_glass, glass_columns_a, glass_columns_b
D:8:      layout_basic, lair_entry_dummy, guppyfry_early_elven_hall
Lair:1:   layout_cave_shapes, chequers_serial_rivers_large_a,
          beast_lair_carwin_6, uniq_fannar

Skill      XL: |  1  2  3  4  5  6  7  8  9 10 |
---------------+-------------------------------+-----
Stealth        | 10 11 | 11.2
Spellcasting   | 5 6 7 |  7.8
Invocations    | 1 2 3 4 5 6 |  6.4
Short Blades   | 1 2 3 4 5 |  5.9
Long Blades    | 1 2 3 4 5 |  5.9
Axes           | 1 2 3 4 5 |  5.9
Maces & Flails | 1 2 3 4 5 |  5.9
Polearms       | 1 2 3 4 5 |  5.9
Staves         | 1 2 3 4 5 |  5.9
Ranged Weapons | 1 2 3 4 5 |  5.9
Dodging        | 1 2 3 4 5 |  5.9
Shields        | 1 2 3 4 5 |  5.9
Unarmed Combat | 1 2 3 4 5 |  5.9
Evocations     | 1 2 3 4 5 |  5.9
Conjurations   | 1 2 3 4 |  4.8
Hexes          | 1 2 3 4 |  4.8
Summonings     | 1 2 3 4 |  4.8
Necromancy     | 1 2 3 4 |  4.8
Translocations | 1 2 3 4 |  4.8
Transmutations | 1 2 3 4 |  4.8
Fire Magic     | 1 2 3 4 |  4.8
Ice Magic      | 1 2 3 4 |  4.8
Air Magic      | 1 2 3 4 |  4.8
Earth Magic    | 1 2 3 4 |  4.8
Poison Magic   | 1 2 3 4 |  4.8
Fighting       | 3 4 5 6 |  6.5
Throwing       | 3 4 5 6 |  6.5
Armour         | 3 4 5 6 |  6.5

Action                   |  1- 3 |  4- 6 |  7- 9 | 10-12 || total
-------------------------+-------+-------+-------+-------++-------
Melee: Dagger            |    78 |   264 |   374 |   127 ||   843
       Bite              |     8 |    37 |    51 |    19 ||   115
       Punch             |     1 |     6 |     8 |     6 ||    21
Throw: Dart              |       |     3 |       |       ||     3
Invok: Shadow Step       |       |       |     1 |       ||     1
Evoke: Wand              |       |       |     9 |     2 ||    11
  Use: Potion            |     3 |       |     2 |     2 ||     7
       Scroll            |     2 |     4 |    10 |     2 ||    18
 Stab: Sleeping          |    17 |    13 |    11 |    12 ||    53
       Invisible         |     2 |     1 |       |       ||     3
       Distracted        |       |       |       |     1 ||     1
Armor: Robe              |    17 |    23 |       |       ||    40
       Troll leather arm |       |    79 |   142 |    24 ||   245
Dodge: Dodged            |    48 |   163 |   266 |    54 ||   531

Table legend: (Time is in decaauts)
 A = Elapsed time spent in this place.
 B = Non-inter-level travel time spent in this place.
 C = Inter-level travel time spent in this place.
 D = Time resting spent in this place.
 E = Time spent auto-exploring this place.
 F = Levels seen in this place.
 G = Mean time per level.
                   A        B        C        D        E       F      G
               +--------+--------+--------+--------+--------+-----+--------+
         Total |   9998 |   9293 |    705 |   4007 |   3313 |   9 | 1110.9 |
       Dungeon |   9781 |   9077 |    704 |   3835 |   3306 |   8 | 1222.6 |
          Lair |    216 |    216 |      0 |    172 |      7 |   1 |  216.0 |
               +--------+--------+--------+--------+--------+-----+--------+

Top non-repeatable levels by time:
     D:1: 2391 daAuts
     D:2: 1601 daAuts
     D:4: 1360 daAuts
     D:3: 1275 daAuts
     D:5: 1052 daAuts
     D:7: 827 daAuts
     D:6: 695 daAuts
     D:8: 577 daAuts
  Lair:1: 216 daAuts
